 Dungeon Crawl Stone Soup version 0.29-a0-22-gbf593b16ee (webtiles) character file.

Game seed: 4060734605172210731

164 gruber the Conjurer (level 5, -2/38 HPs)
             Began as a Draconian Conjurer on Jan 29, 2022.
             Slain by a goblin (3 damage)
             ... led by Robin
             ... on level 3 of the Dungeon.
             The game lasted 00:02:56 (3609 turns).

gruber the Conjurer (Draconian Conjurer)            Turns: 3609, Time: 00:02:56

Health: -2/38      AC:  0    Str:  9    XL:     5   Next: 21%
Magic:  4/8        EV: 14    Int: 21    God:
Gold:   66         SH:  0    Dex:  9    Spells: 5/8 levels left

rFire   . . .      SeeInvis .   (weapon currently unavailable)
rCold   . . .      Faith    .   (shield currently unavailable)
rNeg    . . .      Spirit   .   (armour unavailable)
rPois   .          Reflect  .   (helmet currently unavailable)
rElec   .          Harm     .   (cloak currently unavailable)
rCorr   .          Rampage  .   (gloves currently unavailable)
Will    .....                   (boots currently unavailable)
Stlth   ++........              (no amulet)
HPRegen 0.12/turn               (ring currently unavailable)
MPRegen 0.11/turn               (ring currently unavailable)

@: pig-form, very quick
A: fast, no casting, AC +5, small, unfitting armour, (cold-blooded)
a: no special abilities


You were on level 3 of the Dungeon.
You were a filthy swine.
You visited 1 branch of the dungeon, and saw 3 of its levels.

You collected 66 gold pieces.

Inventory:

Scrolls
 a - a scroll of amnesia {unknown}
 b - a scroll of silence {unknown}
 e - a scroll of torment {unknown}
Potions
 c - a potion of mutation {unknown}
 d - 2 potions of resistance {unknown}


   Skills:
 - Level 1.7 Dodging
 - Level 1.7 Stealth
 - Level 2.0 Spellcasting
 + Level 6.5 Conjurations


You had 5 spell levels left.
You knew the following spells:

 Your Spells              Type           Power      Damage    Failure   Level
a - Magic Dart            Conj           100%       1d8       1%          1
b - Searing Ray           Conj           58%        2d6       1%          2

Your spell library contained the following spells:

 Spells                   Type           Power      Damage    Failure   Level
 Dazzling Flash           Conj/Hex       30%        N/A       12%         3
 Fulminant Prism          Conj/Hex       7%         3d7       36%         4
 Iskenderun's Mystic Bla  Conj/Tloc      15%        2d5       36%         4


Dungeon Overview and Level Annotations

Branches:
Dungeon (3/15)

Altars:

Shops:
D:3 *

Annotations:
D:3 Natasha, Sigmund


Innate Abilities, Weirdness & Mutations

You are a filthy swine.
You move quickly.
Your equipment is almost entirely melded.
You are incapable of wielding weapons or throwing items.
You cannot cast spells.
((Your plain brown scales are hard. (AC +5)))
You cannot fit into any form of body armour.
((You are cold-blooded and may be slowed by cold attacks.))


Message History

You hit Natasha.
Natasha is lightly wounded.
Natasha howls an incantation.
You feel disoriented. Natasha misses you. The goblin hits you with a +0 dagger.
You barely miss Natasha.
Natasha is lightly wounded.
A goblin comes into view. It is wielding a +0 dagger.
The goblin hits you with a +0 dagger. Natasha barely misses you.
You barely miss Natasha.
Natasha is lightly wounded.
The goblin shouts!
You hit Natasha.
Natasha is moderately wounded.
The goblin hits you with a +0 dagger. Natasha claws you.
You closely miss Natasha.
Natasha is moderately wounded.
The goblin hits you with a +0 dagger. Natasha claws you.
You closely miss Natasha.
Natasha is moderately wounded.
The goblin barely misses you. Natasha closely misses you.
You hit Natasha but do no damage.
Natasha is moderately wounded.
The goblin hits you with a +0 dagger. Natasha misses you.
You barely miss Natasha.
Natasha is moderately wounded.
Natasha barely misses you. The goblin hits you with a +0 dagger.
You barely miss Natasha.
Natasha is moderately wounded.
The goblin barely misses you. Natasha claws you!
You miss Natasha.
Natasha is moderately wounded.
The goblin hits you with a +0 dagger.
* * * LOW HITPOINT WARNING * * *
Natasha claws you!
* * * LOW HITPOINT WARNING * * *
You barely miss Natasha.
Natasha is moderately wounded.
The goblin hits you with a +0 dagger.
You die...

###.##....#
#........r...... #.
#...g# #.####.#####h### #
####.# ##.##########....
#.###.............###
.#####.##.#.#....#####r#
#............##.........#
#######..g...##...#####<#
#.#g##h##†.## #.#
#.##h#.#.#.### #.#
#.###h.......# #.#
#.####.#.....## #.###
#.#........^..# #....
..#.##........# ##### ###
##.....<.#
#.##.##.#######
#.##....).†)..#
#.#..##.#####..


You could see Natasha and 2 goblins.

Vanquished Creatures
  An ogre (D:3)
  Robin (D:3)
  2 worms (D:3)
  A dart slug (D:1)
  3 ball pythons
  3 bats
  8 endoplasms
  3 giant cockroaches
  8 goblins
  6 hobgoblins
  4 jackals (D:1)
  A quokka (D:2)
  A frilled lizard (D:2)
  4 kobolds
  7 rats
53 creatures vanquished.

Notes
Turn   | Place    | Note
-------+----------+-------------------------------------------
     0 | D:1      | gruber the Draconian Conjurer began the quest for the Orb.
     0 | D:1      | Reached XP level 1. HP: 14/14 MP: 3/3
   260 | D:1      | Reached XP level 2. HP: 20/20 MP: 0/5
  1569 | D:2      | Reached skill level 5 in Conjurations
  1705 | D:2      | Reached XP level 3. HP: 26/26 MP: 4/6
  1969 | D:2      | Learned a level 2 spell: Searing Ray
  2064 | D:3      | Noticed an ogre
  2247 | D:3      | Noticed Sigmund
  2972 | D:3      | Killed an ogre
  2973 | D:3      | Reached skill level 6 in Conjurations
  2973 | D:3      | Reached XP level 4. HP: 6/33 MP: 0/7
  2973 | D:3      | Reached XP level 5. HP: 7/38 MP: 0/8
  3247 | D:3      | Noticed Natasha
  3561 | D:3      | Noticed Robin
  3575 | D:3      | Killed Robin
  3584 | D:3      | Found Imod's Assorted Antiques.
  3608 | D:3      | HP: 1/38 [Natasha (10)]
  3609 | D:3      | Slain by a goblin

Illustrated notes

Levels and vault maps discovered:
D:1:      lemuel_arrival_river_ford, layout_basic, minmay_pentomino_r2
D:2:      layout_basic
D:3:      layout_loops_ring, serial_shops, nicolae_shop_crystal, shop,
          shop_fountains, minmay_hedge_maze, uniq_robin,
          uniq_crazy_yiuf_cottage, uniq_terence, uniq_sigmund, uniq_natasha

Skill      XL: |  1  2  3 |
---------------+----------+-----
Conjurations   | 5 6 |  6.5
Dodging        | |  1.7
Stealth        | |  1.7
Spellcasting   | |  2.0

Action                   |  1- 3 |  4- 6 || total
-------------------------+-------+-------++-------
Melee: Unarmed           |    19 |    25 ||    44
       Tailslap          |     4 |     1 ||     5
 Cast: Magic Dart        |    66 |    24 ||    90
       Searing Ray       |     3 |     1 ||     4
Armor: Skin              |     6 |     8 ||    14
Dodge: Dodged            |    27 |    20 ||    47

Table legend: (Time is in decaauts)
 A = Elapsed time spent in this place.
 B = Non-inter-level travel time spent in this place.
 C = Inter-level travel time spent in this place.
 D = Time resting spent in this place.
 E = Time spent auto-exploring this place.
 F = Levels seen in this place.
 G = Mean time per level.
                   A        B        C        D        E       F      G
               +--------+--------+--------+--------+--------+-----+--------+
         Total |   3599 |   3143 |    456 |    347 |   2372 |   3 | 1199.7 |
       Dungeon |   3599 |   3143 |    456 |    347 |   2372 |   3 | 1199.7 |
               +--------+--------+--------+--------+--------+-----+--------+

Top non-repeatable levels by time:
     D:2: 1631 daAuts
     D:1: 1467 daAuts
     D:3: 500 daAuts
